 Dungeon Crawl Stone Soup version 0.28.0 (webtiles) character file.

Game seed: 3573646303711250877

1443 themarg the Cleaver (level 8, -1/58 HPs)
             Began as a Gnoll Wanderer on Feb 7, 2022.
             Was an Initiate of Nemelex Xobeh.
             Splashed by a jelly's acid (7 damage)
             ... on level 6 of the Dungeon.
             The game lasted 00:37:47 (8175 turns).

themarg the Cleaver (Gnoll Wanderer)                Turns: 8175, Time: 00:37:47

Health: -1/58      AC: -13   Str: 13    XL:     8   Next: 74%
Magic:  14/14      EV: 11    Int: 13    God:    Nemelex Xobeh [......]
Gold:   271        SH: 11    Dex: 17    Spells: 16/16 levels left

rFire   . . .      SeeInvis .   a - +2 hand axe
rCold   . . .      Faith    .   c - +0 buckler
rNeg    . . .      Spirit   .   k - +0 ring mail
rPois   .          Reflect  +   (no helmet)
rElec   .          Harm     .   (no cloak)
rCorr   .          Rampage  .   (no gloves)
Will    .....                   (no boots)
Stlth   ++........              l - amulet of reflection
HPRegen 0.19/turn               C - +6 ring of dexterity
MPRegen 0.14/turn               (no ring)

@: corroded
A: fangs 1, strong nose, distributed training
a: Renounce Religion, Draw Escape, Draw Destruction, Draw Summoning


You were on level 6 of the Dungeon.
You worshipped Nemelex Xobeh.
Nemelex Xobeh was noncommittal.
You visited 1 branch of the dungeon, and saw 6 of its levels.

You collected 271 gold pieces.

Inventory:

Hand Weapons
 a - a +2 hand axe (weapon)
 o - a +1 dagger of protection
Armour
 c - a +0 buckler (worn)
 k - a +0 ring mail (worn)
 u - a +0 plate armour
 w - a +0 chain mail
 z - a +0 scale mail
Jewellery
 b - a ring of willpower
 h - an amulet of faith
 l - an amulet of reflection (around neck)
 s - a ring of wizardry
 C - a +6 ring of dexterity (left hand)
 D - a ring of poison resistance
Scrolls
 f - 3 scrolls of vulnerability
 g - a scroll of torment
 j - 2 scrolls of amnesia
 n - 2 scrolls of immolation
 p - a scroll of enchant armour {unknown}
 y - a scroll of noise
Potions
 d - a potion of haste {unknown}
 q - 2 potions of lignification
 t - a potion of attraction
 v - a potion of resistance
 A - a potion of degeneration
 B - a potion of magic


   Skills:
 + Level 3.5 Fighting
 + Level 3.5 Short Blades
 + Level 3.5 Long Blades
 + Level 11.0 Axes
 + Level 4.4 Maces & Flails
 + Level 3.5 Polearms
 + Level 3.5 Staves
 + Level 3.5 Slings
 + Level 3.5 Bows
 + Level 3.5 Crossbows
 + Level 3.5 Throwing
 + Level 4.4 Armour
 + Level 3.5 Dodging
 + Level 3.5 Stealth
 + Level 5.8 Shields
 + Level 3.5 Unarmed Combat
 + Level 4.5 Spellcasting
 + Level 2.9 Conjurations
 + Level 2.9 Hexes
 + Level 2.9 Summonings
 + Level 2.9 Necromancy
 + Level 2.9 Translocations
 + Level 2.9 Transmutations
 + Level 2.9 Fire Magic
 + Level 2.9 Ice Magic
 + Level 2.9 Air Magic
 + Level 2.9 Earth Magic
 + Level 2.9 Poison Magic
 + Level 3.9 Invocations
 + Level 3.5 Evocations


You had 16 spell levels left.
You didn't know any spells.
Your spell library contained the following spells:

 Spells                   Type           Power      Damage    Failure   Level
 Foxfire                  Conj/Fire      40%        2x1d6     16%         1
 Corpse Rot               Necr/Air       20%        N/A       24%         2
 Poisonous Vapours        Pois/Air       20%        N/A       24%         2
 Conjure Flame            Conj/Fire      10%        6-21      43%         3
 Inner Flame              Hex/Fire       10%        N/A       43%         3
 Flame Wave               Conj/Fire      10%        2d5       83%         4


Dungeon Overview and Level Annotations

Branches:
Dungeon (6/15)             Temple (0/1) D:6

Altars:
Nemelex Xobeh

Annotations:
D:3 Sigmund
D:4 3 runed translucent doors, exclusion: player ghost, tizbic2's ghost, novice HOMo
D:5 exclusion: vampire


Innate Abilities, Weirdness & Mutations

You have very sharp teeth.
Your uncanny sense of smell can sniff out nearby items.
Your experience applies equally to all skills.


Message History

You hit the jelly but do no damage.
Your hands burn!
The jelly is severely wounded.
The jelly hits you.
You are splashed with acid!
You hit the jelly but do no damage. The acid corrodes you!
Your hands burn!
You bite the jelly, but do no damage.
The jelly is severely wounded.
The jelly misses you.
You hit the jelly but do no damage.
Your hands burn!
* * * LOW HITPOINT WARNING * * *
The jelly is severely wounded.
Okay, then.
You feel better. The jelly hits you.
You are splashed with acid.
You hit the jelly but do no damage.
Your hands burn!
The jelly is severely wounded.
The jelly barely misses you.
You hit the jelly but do no damage.
Your hands burn!
The jelly is severely wounded.
You block the jelly's attack.
You hit the jelly but do no damage. The acid corrodes you!
Your hands burn!
* * * LOW HITPOINT WARNING * * *
The jelly is severely wounded.
You block the jelly's attack.
You hit the jelly but do no damage.
Your hands burn!
* * * LOW HITPOINT WARNING * * *
You bite the jelly, but do no damage.
The jelly is severely wounded.
The jelly hits you.
* * * LOW HITPOINT WARNING * * *
The acid corrodes you!
You are splashed with acid!
* * * LOW HITPOINT WARNING * * *
As you read the scroll of teleportation, it crumbles to dust.
You feel strangely unstable. You block the jelly's attack.
Your surroundings seem slightly different.
You block the jelly's attack.
There is a stone staircase leading up here.
The jelly hits you.
* * * LOW HITPOINT WARNING * * *
You are splashed with acid!
You die...
Your body disappears without a glow.

#+#########.#..#.#.#####
............#..........
...######..##..#.#...#.
...# #........###.# ...#
#............. ...#
#...#.#.####. ...#
#............ ...#
#.##..##.#.#. ...
#......J@#.#
...######.##...#.#.#
...............#.# #
...............#.#.#
...............#.#.#
...............#...#
............#......#
............#...##.#
............#......#


You could see a jelly.

Vanquished Creatures
  A sky beast (D:5)
  A necrophage (D:5)
  3 ogres
  A centaur (D:6)
  A bullfrog (D:6)
  A water moccasin zombie (D:5)
  2 scorpions
  A howler monkey (D:4)
  2 bullfrog zombies (D:5)
  A bullfrog skeleton (D:5)
  4 hounds
  A centaur skeleton (D:5)
  4 iguanas
  An orc wizard (D:5)
  A killer bee zombie (D:6)
  A hound zombie (D:5)
  3 gnolls
  11 adders
  A howler monkey skeleton (D:6)
  A white imp (D:6)
  4 worms
  A dart slug (D:3)
  8 orcs
  5 bats
  11 endoplasms
  2 giant cockroaches
  9 hobgoblins
  8 jackals
  8 kobolds
  2 quokkas (D:1)
  8 ball pythons
  A frilled lizard (D:2)
  4 goblins
  11 rats
124 creatures vanquished.

Notes
Turn   | Place    | Note
-------+----------+-------------------------------------------
     0 | D:1      | Reached skill level 10 in Axes
     0 | D:1      | themarg the Gnoll Wanderer began the quest for the Orb.
     0 | D:1      | themarg set off with the following items: a +2 hand axe, a
                  | +0 mace, a +0 buckler, a +0 robe
     0 | D:1      | Reached XP level 1. HP: 13/13 MP: 4/4
    85 | D:1      | Reached XP level 2. HP: 6/19 MP: 5/5
   771 | D:1      | Reached XP level 3. HP: 25/25 MP: 7/7
  1188 | D:1      | Found a faded altar of an unknown god.
  1445 | D:2      | Reached skill level 1 in Invocations
  1542 | D:2      | Reached skill level 1 in Fighting
  1542 | D:2      | Reached skill level 1 in Short Blades
  1542 | D:2      | Reached skill level 1 in Long Blades
  1542 | D:2      | Reached skill level 1 in Polearms
  1542 | D:2      | Reached skill level 1 in Staves
  1542 | D:2      | Reached skill level 1 in Slings
  1542 | D:2      | Reached skill level 1 in Bows
  1542 | D:2      | Reached skill level 1 in Crossbows
  1542 | D:2      | Reached skill level 1 in Throwing
  1542 | D:2      | Reached skill level 1 in Dodging
  1542 | D:2      | Reached skill level 1 in Stealth
  1542 | D:2      | Reached skill level 1 in Unarmed Combat
  1542 | D:2      | Reached skill level 1 in Evocations
  1635 | D:2      | Reached XP level 4. HP: 31/32 MP: 8/8
  1942 | D:2      | Reached skill level 1 in Conjurations
  1942 | D:2      | Reached skill level 1 in Hexes
  1942 | D:2      | Reached skill level 1 in Summonings
  1942 | D:2      | Reached skill level 1 in Necromancy
  1942 | D:2      | Reached skill level 1 in Translocations
  1942 | D:2      | Reached skill level 1 in Transmutations
  1942 | D:2      | Reached skill level 1 in Fire Magic
  1942 | D:2      | Reached skill level 1 in Ice Magic
  1942 | D:2      | Reached skill level 1 in Air Magic
  1942 | D:2      | Reached skill level 1 in Earth Magic
  1942 | D:2      | Reached skill level 1 in Poison Magic
  2270 | D:3      | Reached XP level 5. HP: 22/37 MP: 9/9
  2885 | D:3      | Noticed Sigmund
  3606 | D:4      | Reached XP level 6. HP: 33/44 MP: 9/11
  3742 | D:4      | Reached skill level 5 in Shields
  4227 | D:4      | Noticed tizbic2's ghost (novice HOMo)
  4228 | D:4      | Found a runed translucent gate.
  4229 | D:4      | Found a runed translucent gate.
  4229 | D:4      | Identified the +0 mace of Discord {venom, Str+3 Int+4}
  4230 | D:4      | Found a runed translucent gate.
  4270 | D:5      | Entered Level 5 of the Dungeon
  4929 | D:5      | Noticed a sky beast
  4948 | D:5      | Killed a sky beast
  4949 | D:5      | Reached XP level 7. HP: 44/51 MP: 12/12
  4998 | D:5      | Noticed a vampire
  6442 | D:5      | Found a sparkling altar of Nemelex Xobeh.
  6457 | D:5      | Reached XP level 8. HP: 53/57 MP: 14/14
  6479 | D:5      | Became a worshipper of Nemelex Xobeh the Trickster
  7693 | D:6      | Reached skill level 11 in Axes
  8075 | D:6      | Found a staircase to the Ecumenical Temple.
  8175 | D:6      | Splashed by a jelly's acid

Illustrated notes

Levels and vault maps discovered:
D:1:      dpeg_arrival_more_subterranean_lakeside_camping, layout_basic,
          basic_ecumenical_altar, minmay_strange_pillars
D:2:      layout_rooms, serial_rivers, chequers_serial_rivers_room_b,
          chequers_serial_rivers_marsh, chequers_serial_rivers_large_a,
          chequers_serial_rivers_room_a
D:3:      minmay_skewed_foursquare, layout_basic, uniq_sigmund
D:4:      layout_basic, biasface_ghost_orc_armoury
D:5:      layout_loops_corners, nemelex_dance_club_becter, kennysheep_dice
D:6:      layout_basic, minmay_temple_entry_glassed_door

Skill      XL: |  1  2  3  4  5  6  7  8 |
---------------+-------------------------+-----
Axes           | 11 | 11.0
Invocations    | 1 2 3 |  3.9
Fighting       | 1 2 3 |  3.5
Short Blades   | 1 2 3 |  3.5
Long Blades    | 1 2 3 |  3.5
Polearms       | 1 2 3 |  3.5
Staves         | 1 2 3 |  3.5
Slings         | 1 2 3 |  3.5
Bows           | 1 2 3 |  3.5
Crossbows      | 1 2 3 |  3.5
Throwing       | 1 2 3 |  3.5
Dodging        | 1 2 3 |  3.5
Stealth        | 1 2 3 |  3.5
Unarmed Combat | 1 2 3 |  3.5
Evocations     | 1 2 3 |  3.5
Spellcasting   | 3 4 |  4.5
Conjurations   | 1 2 |  2.9
Hexes          | 1 2 |  2.9
Summonings     | 1 2 |  2.9
Necromancy     | 1 2 |  2.9
Translocations | 1 2 |  2.9
Transmutations | 1 2 |  2.9
Fire Magic     | 1 2 |  2.9
Ice Magic      | 1 2 |  2.9
Air Magic      | 1 2 |  2.9
Earth Magic    | 1 2 |  2.9
Poison Magic   | 1 2 |  2.9
Maces & Flails | 3 4 |  4.4
Armour         | 3 4 |  4.4
Shields        | 5 |  5.8

Action                   |  1- 3 |  4- 6 |  7- 9 || total
-------------------------+-------+-------+-------++-------
Melee: Hand axe          |   114 |   239 |   245 ||   598
       Bite              |    12 |    23 |    33 ||    68
  Use: Potion            |       |     1 |     5 ||     6
       Scroll            |       |       |    14 ||    14
 Stab: Distracted        |     1 |       |       ||     1
       Sleeping          |       |       |     3 ||     3
Armor: Robe              |    13 |       |       ||    13
       Ring mail         |    15 |    43 |    21 ||    79
       Skin              |       |     5 |       ||     5
Dodge: Dodged            |    40 |    77 |    44 ||   161
Block: Buckler           |    32 |   118 |   103 ||   253
       Reflection        |       |     2 |     4 ||     6
